 Dungeon Crawl Stone Soup version 0.25.1-2-g60ff931df9 (webtiles) character file.

Game seed: 16962194832102507824

46 DildoBatman the Magician (level 3, -2/24 HPs)
             Began as a Formicid Wizard on Aug 6, 2020.
             Slain by a worm (10 damage)
             ... on level 2 of the Dungeon.
             The game lasted 00:03:41 (1166 turns).

DildoBatman the Magician (Formicid Wizard)          Turns: 1166, Time: 00:03:42

Health: -2/24      AC:  3    Str: 11    XL:     3   Next: 95%
Magic:  1/7        EV: 12    Int: 18    God:
Gold:   33         SH:  0    Dex:  9    Spells: 1/8 levels left

rFire    . . .     SeeInvis +   b - +0 spear
rCold    . . .     Gourm    .   (no shield)
rNeg     . . .     Faith    .   e - +0 robe
rPois    .         Spirit   .   (helmet unavailable)
rElec    .         Reflect  .   f - +0 cloak
rCorr    .         Harm     .   (no gloves)
MR       .....                  (no boots)
Stlth    ++........             (no amulet)
HPRegen  0.08/turn              (no ring)
MPRegen  0.10/turn              (no ring)

@: very slightly contaminated
A: permanent stasis, dig shafts and tunnels, four strong arms, antennae 3
a: Dig, Shaft Self


You were on level 2 of the Dungeon.
You were not hungry.

You visited 1 branch of the dungeon, and saw 2 of its levels.

You collected 33 gold pieces.

Inventory:

Hand Weapons
 a - a +1 dagger of freezing
 b - a +0 spear (weapon)
Missiles
 j - 45 stones (quivered)
 l - 8 poisoned darts
Armour
 e - a +0 robe (worn)
 f - a +0 cloak (worn)
Scrolls
 c - a scroll of magic mapping {unknown}
 d - a scroll of identify {unknown}
 h - a scroll of teleportation {unknown}
 i - a scroll of immolation {unknown}
 k - a scroll of amnesia {unknown}
 m - 2 scrolls of remove curse {unknown}
Potions
 g - 2 potions of might {unknown}
Comestibles
 n - 3 chunks of flesh
 v - 5 rations


   Skills:
 - Level 1.7 Dodging
 - Level 2.4 Stealth
 - Level 3.2 Spellcasting
 * Level 3.1 Conjurations
   Level 1.0 Summonings
   Level 0.8 Translocations


You had one spell level left.
You knew the following spells:

 Your Spells              Type           Power        Failure   Level  Hunger
a - Conjure Flame         Conj/Fire      #.......     26%         3    ###....
c - Magic Dart            Conj           ##..         4%          1    None
e - Mephitic Cloud        Conj/Pois/Air  #.......     30%         3    ###....

Your spell library contained the following spells:

 Spells                   Type           Power        Failure   Level  Hunger
 Call Imp                 Summ           #.......     16%         2    ##.....
 Slow                     Hex            #.......     24%         2    ##.....
 Blink                    Tloc           Unusable     N/A         2    N/A

Dungeon Overview and Level Annotations

Branches:
Dungeon (2/15)

Altars:


Innate Abilities, Weirdness & Mutations

You cannot be hasted, slowed, berserked, paralysed or teleported.
You can dig through walls and to a lower floor.
Your four strong arms can wield two-handed weapons with a shield.
You have a pair of large antennae on your head. (SInv)


Message History

Aim: a worm (moderately wounded)
The magic dart hits the worm.
The worm is heavily wounded.
Casting: Magic Dart (safe; 4% risk of failure)
Confirm with . or Enter, or press ? or * to list all spells.
Aiming: Magic Dart (safe; 4% risk of failure)
Press: ? - help, Shift-Dir - straight line, f/p - worm
Aim: a worm (heavily wounded)
The magic dart hits the worm.
The worm is heavily wounded.
The worm bites you!
Casting: Magic Dart (safe; 4% risk of failure)
Confirm with . or Enter, or press ? or * to list all spells.
Aiming: Magic Dart (safe; 4% risk of failure)
Press: ? - help, Shift-Dir - straight line, f/p - worm
Aim: a worm (heavily wounded)
The magic dart hits the worm.
The worm is heavily wounded.
The worm bites you!
You die...

#...<.#
#.......####.#.#
####.#####
#.#.#..........#
...#.###
#.#.........##
...'...#
#..........##
...#...# ###.###.##.#
...##### ###
#.....##.# { ...'...#
#.. #>######.#
.[.###÷## #..####w###
#.#
)..#.÷..#.#.....@...#
#..
<..#.#..#.##.##.....#
###
####'#...........#..#
#.................#
#..).#.###..#.###.#
###....#............#
#.............#.#####
#......#..#####...
#....#......# #.##.#


You could see a worm.

Vanquished Creatures
  An adder (D:2)
  A dart slug (D:2)
  4 giant cockroaches (D:1)
  5 goblins (D:1)
  3 hobgoblins (D:1)
  A quokka (D:2)
  5 bats
  4 frilled lizards
  6 kobolds
  4 rats (D:1)
34 creatures vanquished.

Notes
Turn   | Place    | Note
-------+----------+-------------------------------------------
     0 | D:1      | DildoBatman the Formicid Wizard began the quest for the
                  | Orb.
     0 | D:1      | Reached XP level 1. HP: 13/13 MP: 4/4
    36 | D:1      | You fall into a shaft and drop 1 floor!
    46 | D:2      | Reached skill level 1 in Conjurations
   161 | D:1      | Reached XP level 2. HP: 8/19 MP: 3/6
   504 | D:1      | You fall into a shaft and drop 1 floor!
   547 | D:2      | Reached XP level 3. HP: 24/24 MP: 1/7
   552 | D:2      | Learned a level 3 spell: Conjure Flame
   556 | D:2      | Learned a level 3 spell: Mephitic Cloud
  1166 | D:2      | Slain by a worm

Illustrated notes

Levels and vault maps discovered:
D:1:      dpeg_arrival_windows_large_door, layout_rooms, interstate_on_off,
          hangedman_glass_teeth, corexii_leaking_fountain
D:2:      layout_basic, fedhas_altar_2

Skill      XL: |  1  2  3 |
---------------+----------+-----
Conjurations   | 1 2 3 |  3.1
Dodging        | |  1.7
Stealth        | |  2.4
Spellcasting   | |  3.2
Summonings     | |  1.0
Translocations | |  0.8

Action                   || total
-------------------------++-------
Melee: Unarmed           ||     3
       Dagger            ||    23
       Spear             ||     8
 Cast: Magic Dart        ||    65
 Abil: Dig               ||     3
 Stab: Sleeping          ||     1
  Eat: Chunk             ||     1
Armor: Robe              ||    16
Dodge: Dodged            ||    36
